 Dungeon Crawl Stone Soup version 0.31-a0-263-ge8cad7f256 (console) character file.

Game seed: 1478568493879090056

2572246 jejorda2 the Shapeless Draconian (level 26, 228/228 HPs)
             Began as a Grey Draconian Berserker on July 13, 2023.
             Was the Champion of Trog.
             Escaped with the Orb
             ... and 4 runes on July 14, 2023!
             The game lasted 04:28:07 (59292 turns).

jejorda2 the Shapeless Draconian (DrBe)            Turns: 59292, Time: 04:28:08

Health: 228/228    AC: 20    Str: 26    XL:     26   Next: 59%
Magic:  20/20      EV: 58    Int:  9    God:    Trog [******]
Gold:   7371       SH:  0    Dex: 13    Spells: 25/25 levels left

rFire   . .          .
                       - Unarmed
rCold   . . .        s - melded +3 buckler {AC+3}
rNeg    . . .        (body armour unavailable)
rPois   ∞            W - melded +2 hat {Stlth+}
rElec   +            B - melded +4 dragonskin cloak
rCorr   .            Y - melded +2 pair of gloves
SInv    .            X - melded +2 pair of boots {Fly}
Will    +....        V - dreamshard necklace {Acrobat *Dream}
Stlth   +++          A - ring of Shadows {Umbra +Inv Stlth+}
HPRegen 0.58/turn    q - ring of the Hare {EV+10}
MPRegen 0.17/turn

%: acrobat
@: storm-form, flying, wreathed by umbra, studying 2 skills
A: cleaving, insubstantial, flying, AC +17, amphibious, unfitting armour,
(cold-blooded), deterioration 1, low MP 1, weak 1
0: Orb of Zot
}: 4/15 runes: decaying, silver, abyssal, gossamer
a: Blinkbolt, Begin Untransformation, Renounce Religion, Evoke Invisibility,
Berserk, Trog's Hand, Brothers in Arms


You escaped.
You worshipped Trog.
Trog was exalted by your worship.
You were a lightning-filled tempest!
You visited 9 branches of the dungeon, and saw 47 of its levels.
You visited the Abyss 4 times.
You visited 1 bazaar.
You also visited: Sewer and Ice Cave.

You collected 10380 gold pieces.
You spent 3009 gold pieces at shops.

Inventory:

Armour
 s - a +3 buckler of protection (melded)
 B - the +4 dragonskin cloak (melded)
   (You took it off Tiamat on level 2 of the Realm of Zot)

   Avatar's Aegis: It grants the wearer a chance to resist fire, cold, poison,
   electricity, acid, and negative energy.
 W - a +2 hat of stealth (melded)
 X - a +2 pair of boots of flying (melded)
 Y - a +2 pair of gloves (melded)
Jewellery
 i - a ring of resist corrosion
 j - a ring of willpower
 q - the ring of the Hare (right fist) {EV+10}
   (You acquired it on level 2 of the Elven Halls)

   [ring of evasion]

   EV:        It affects your evasion (+10).
 A - the ring of Shadows (left fist) {Umbra +Inv Stlth+}
   (You found it on level 15 of the Dungeon)

   [ring of stealth]

   Umbra:     It surrounds you with an aura of shadow, increasing your stealth
   and reducing the accuracy of all others within it.
   +Inv:      It lets you turn invisible.
   Stlth:     It makes you more stealthy.
 H - the ring of Equivalence {Ice rElec Str+2 Stlth+}
   (You found it in an ice cave)

   [ring of ice]

   It enhances your ice magic.
   Str:       It affects your strength (+2).
   rF:        It makes you vulnerable to fire.
   rC:        It protects you from cold.
   rElec:     It insulates you from electricity.
   Stlth:     It makes you more stealthy.
 K - a ring of positive energy
 M - the ring "Tici" {rF+ rC- MP+9 Str+2 SInv}
   (You took it off a deep elf sorcerer on level 3 of the Elven Halls)

   [ring of magical power]

   Str:       It affects your strength (+2).
   rF:        It protects you from fire.
   rC:        It makes you vulnerable to cold.
   MP:        It affects your magic capacity (+9).
   SInv:      It lets you see invisible.
 R - the ring "Seditaq" {Wiz rElec Will++ Str+3}
   (You took it off an ironbound preserver on level 5 of the Vaults)

   [ring of wizardry]

   It improves your spell success rate.
   Str:       It affects your strength (+3).
   rElec:     It insulates you from electricity.
   Will:      It greatly increases your willpower.
 U - a ring of protection from fire
 V - the dreamshard necklace (around neck) {Acrobat *Dream}
   (You found it on level 2 of the Depths)

   [amulet of the acrobat]

   *Dream:    It absorbs a single lethal wound into itself, holding its wearer
   just short of death and releasing dream-creatures to guard them.
   It increases your evasion while moving and waiting.
Talismans
 a - a dragon-blood talisman
 b - a talisman of death
 c - a storm talisman
 h - a beast talisman
 x - a granite talisman
Wands
 k - a wand of polymorph (39)
 l - a wand of mindburst (23)
 n - a wand of paralysis (78)
 r - a wand of flame (107)
 C - a wand of iceblast (58)
 J - a wand of acid (40)
 Q - a wand of digging (4)
Scrolls
 g - 7 scrolls of immolation
 t - 15 scrolls of teleportation
 v - 13 scrolls of fear
 y - 3 scrolls of silence
 E - 3 scrolls of poison
 G - 4 scrolls of blinking
 N - 15 scrolls of fog
 O - 8 scrolls of vulnerability
Potions
 d - 4 potions of invisibility
 e - 13 potions of mutation
 m - 7 potions of might
 o - 4 potions of enlightenment
 p - 2 potions of resistance
 w - 7 potions of cancellation
 z - 8 potions of attraction
 D - 23 potions of curing
 L - 7 potions of ambrosia
 P - 10 potions of haste
 Z - 8 potions of heal wounds
Miscellaneous
 f - a sack of spiders
 u - a condenser vane
 F - a phantom mirror
 I - a piece from Xom's chessboard (15/15)
 S - a lightning rod (4/4)
 T - a phial of floods


   Skills:
 + Level 17.3 Fighting
 - Level 3.2 Axes
 + Level 18.6 Dodging
 + Level 12.0 Stealth
 O Level 27 Unarmed Combat
 + Level 14.7 Evocations
 O Level 27 Shapeshifting


You had 25 spell levels left.
You didn't know any spells.
Your spell library was empty.

Dungeon Overview and Level Annotations

Branches:
Dungeon (15/15)            Temple (0/1) D:5            Lair (5/5) D:10
  Swamp (4/4) Lair:2       Spider (4/4) Lair:2        Slime (0/5) Lair:4
    Orc (2/2) D:11            Elf (3/3) Orc:2        Vaults (5/5) D:13
  Crypt (0/3) Vaults:3     Depths (4/4) D:15            Zot (5/5) Depths:4
  Sewer (visited)           IceCv (visited)

Altars:
Ashenzari
Dithmenos
Elyvilon
Gozag
Hepliaklqana
Kikubaaqudgha
Makhleb
Nemelex Xobeh
Qazlal
Ru
Sif Muna
Uskayaw
Jiyva

Shops:
D:8 [:*   Orc:2 *[!*   Elf:1 :   Elf:3 ?   Vaults:1 [   Vaults:2 (?
Vaults:4 **

Portals:
Hell: Depths:1 Depths:2 Depths:3 Depths:4
Abyss: Depths:2 Depths:3 Depths:4
Pandemonium: Depths:2
Ziggurat: Depths:2

Annotations:
Vaults:2 2 transporters, exclusion: orange crystal statue, Vogeir's ghost, veteran HuIE


Innate Abilities, Weirdness & Mutations

You are a lightning-filled tempest!
Your electrical attacks strike out in all directions at once.
You are incredibly evasive.
Your insubstantial body is immune to petrification, constriction, and being set on fire You are flying.
Your armour is entirely melded.
You are incapable of wielding weapons or throwing items.
((Your dull iron-grey scales are very hard. (AC +17)))
You are amphibious.
You cannot fit into any form of body armour.
You are immune to poison.
((You are cold-blooded and may be slowed by cold attacks.))
Your body sometimes deteriorates upon taking damage.
Your magical capacity is low. (-10% MP)
You are weak. (Str -2)


Message History

(D) Dungeon (T) Temple (L) Lair (S) Swamp (N) Spider Nest (M) Slime Pits (O) Orcish Mines (E) Elven Halls (V) Vaults (C) Crypt (U) Depths (H) Hell (Z) Zot
Where to? (Enter - D:2 @ (x,y), ? - help)
An Orb Guardian comes into view.
You blast the Orb Guardian!!!
The Orb Guardian is severely wounded.
The Orb Guardian completely misses you.
You blast the Orb Guardian!!!!
You kill the Orb Guardian!
Trog accepts your kill.
No target in view!
(D) Dungeon (T) Temple (L) Lair (S) Swamp (N) Spider Nest (M) Slime Pits (O) Orcish Mines (E) Elven Halls (V) Vaults (C) Crypt (U) Depths (H) Hell (Z) Zot
Where to? (Enter - D:2 @ (x,y), ? - help)
An Orb Guardian comes into view.
The Orb Guardian moves out of view.
(D) Dungeon (T) Temple (L) Lair (S) Swamp (N) Spider Nest (M) Slime Pits (O) Orcish Mines (E) Elven Halls (V) Vaults (C) Crypt (U) Depths (H) Hell (Z) Zot
Where to? (Enter - D:2 @ (x,y), ? - help)
There is a stone staircase leading up here.
You fly upwards.
There is a stone staircase leading down here.
You see here a +1 short sword of venom.
There is an open door here.
The meteoran shouts!
The human shouts!
The demonspawn shouts!
The octopode shouts!
The spriggan shouts!
The orc shouts!
There is an open door here.
There is a staircase leading out of the dungeon here.
Okay, then.
You have escaped!

###.###
#o#.#V#
###.###
#e#.#m#
###.###
#B#.#d#
###'###
#...#
#.v.#
#####


There were no monsters in sight!

Vanquished Creatures
  4 dread liches
  Tiamat (Zot:2)
  7 ancient liches
  5 orbs of fire
  Mara (Swamp:4)
  3 pandemonium lords
  3 juggernauts
  Sojobo (Depths:3)
  Parghit (Depths:3)
  Margery (Vaults:2)
  5 Killer Klowns
  Saint Roka (Depths:2)
  Bai Suzhen (Vaults:3)
  2 curse toes (Zot:3)
  15 golden dragons
  9 caustic shrikes (Depths:4)
  A profane servitor (D:4)
  Arachne (Spider:2)
  Jory (Vaults:4)
  2 bone dragons
  A Tzitzimitl (Zot:2)
  2 doom hounds (Zot:2)
  A Brimstone Fiend (D:8)
  3 electric golems
  9 tentacled monstrosities
  An Ice Fiend (Zot:1)
  30 Orb Guardians
  4 liches
  A Hell Sentinel (Zot:1)
  A walking frostbound tome (Depths:3)
  8 titans
  13 quicksilver dragons
  Grunn (Zot:2)
  2 deep elf master archers (Elf:3)
  2 deep elf blademasters (Elf:3)
  An ancient champion (Vaults:3)
  10 death cobs
  Gastronok (Lair:2)
  An Executioner (Depths:1)
  6 sphinxes
  A thorn hunter (Swamp:4)
  2 tentacled starspawn (Abyss:3)
  10 shadow dragons
  17 storm dragons
  11 tengu reavers
  6 draconian monks
  3 fenstrider witches
  Donald (Vaults:3)
  A demonspawn warmonger (Zot:2)
  10 frost giants
  Aizul (Vaults:2)
  6 draconian knights
  15 deep elf sorcerers
  11 fire giants
  7 emperor scorpions
  7 draconian scorchers
  9 ghost moths
  3 iron dragons
  17 vault wardens
  A draconian stormcaller (Zot:3)
  An angel (Abyss:3)
  7 deep elf elementalists
  2 orc warlords
  3 reapers
  5 broodmothers
  A demonspawn blood saint (Zot:2)
  5 draconian annihilators
  2 draconian shifters
  A formless jellyfish (shapeshifter) (Depths:2)
  13 ironbound preservers
  4 formless jellyfish
  12 very ugly things
  10 green draconians
  10 ironbound thunderhulks
  15 stone giants
  5 deep elf demonologists
  4 war gargoyles
  12 black draconians
  2 vampire knights
  A stone giant (shapeshifter) (Vaults:5)
  2 ophanim (Abyss:3)
  8 bunyips
  A lorocyproca (Abyss:3)
  8 red draconians
  5 deep elf annihilators
  A putrid mouth (Zot:2)
  7 eleionomae
  2 spark wasps
  9 white draconians
  8 yellow draconians
  11 dire elephants
  7 purple draconians
  3 deep elf death magi (Elf:3)
  2 eidola (Vaults:3)
  Josephine (D:10)
  2 starcursed masses (Abyss:3)
  13 ettins
  3 blizzard demons
  5 jiangshi
  Snorg (Lair:4)
  9 deep elf high priests
  9 entropy weavers
  12 fire dragons
  10 yaktaur captains
  An entropy weaver (shapeshifter) (D:13)
  5 rakshasas
  12 great orbs of eyes
  33 vault guards
  A hydra (shapeshifter) (Vaults:5)
  A caustic shrike simulacrum (Abyss:3)
  6 ice dragons
  4 spriggan air magi
  An ogre mage (D:15)
  6 ironbound frosthearts
  13 hydras
  A peacekeeper (Vaults:2)
  3 jorogumos
  9 boulder beetles
  6 centaur warriors
  3 ghost crabs
  2 radroaches
  6 two-headed ogres
  A catoblepas (Lair:4)
  10 alligators
  29 dancing weapons
  A death scarab (Spider:4)
  4 demonic crawlers
  4 tengu warriors
  5 death yaks (Lair:4)
  11 deep troll shamans
  5 spriggan berserkers
  A thrashing horror (Abyss:3)
  4 vampire magi
  7 deep troll earth magi
  2 orc high priests
  16 hell knights
  10 spriggans
  7 iron trolls
  A skyshark (shapeshifter) (Vaults:5)
  A sun demon (D:7)
  12 deep elf knights
  2 sun moths
  4 wretched stars (Abyss:3)
  5 skeletal warriors (D:15)
  9 pharaoh ants
  48 deep trolls
  11 goliath frogs
  A spark wasp zombie (D:15)
  A death drake (Swamp:4)
  11 orb spiders
  2 shadow demons
  3 spriggan druids
  3 cherubim
  A spatial maelstrom (Abyss:3)
  5 glowing orange brains
  2 swamp dragons
  4 flayed ghosts
  15 lindwurms
  10 deep elf archers
  7 bog bodies
  7 harpies
  2 spectral hydras (Swamp:4)
  9 wizards
  A phantasmal warrior (Swamp:4)
  6 necromancers
  5 steelbarb worms
  18 ironbound convokers
  Pikel (D:6)
  26 deep elf pyromancers
  19 wolf spiders
  6 orc knights
  4 orc sorcerers
  A shining eye (Depths:2)
  4 will-o-the-wisps
  26 deep elf zephyrmancers
  6 cyclopes
  2 manticores
  A salamander (Depths:2)
  A frost giant zombie (D:15)
  35 ugly things
  34 moths of wrath
  A cyclops (shapeshifter) (Vaults:5)
  A manticore (shapeshifter) (Depths:3)
  A fire giant zombie (D:15)
  A moth of wrath (shapeshifter) (Elf:3)
  18 elephants
  5 smoke demons
  4 large abominations (Abyss:3)
  2 ice statues (IceCv)
  A rust devil (Depths:1)
  An apocalypse crab (Abyss:3)
  15 cane toads
  A black mamba (shapeshifter) (Spider:1)
  4 black mambas
  An orange demon (D:7)
  18 vault sentinels
  8 torpor snails
  A gargoyle (D:13)
  2 eyes of devastation (Depths:2)
  A cane toad (shapeshifter) (D:15)
  5 rime drakes
  28 yaktaurs
  3 swamp worm zombies (Swamp:4)
  2 efreet
  10 komodo dragons
  A komodo dragon (shapeshifter) (Vaults:5)
  2 freezing wraiths
  3 tengu conjurers
  A red devil (D:14)
  An ancient zyme (Abyss:3)
  3 hydra zombies (Swamp:4)
  2 tormentors
  5 tyrant leeches
  3 meliai (Spider:2)
  A hellwing (Zot:5)
  3 bloated husks (Swamp:4)
  6 trolls
  11 polar bears
  6 raiju
  A tarantella (shapeshifter) (Vaults:5)
  7 blink frogs
  26 tarantellas
  A harpy skeleton (Abyss:3)
  9 hornets
  2 spectral swamp dragons (Swamp:4)
  3 alligator zombies (Swamp:4)
  Sigmund (D:2)
  25 slime creatures
  32 jumping spiders
  23 culicivoras
  A shadow (Abyss:3)
  4 wyverns
  A dire elephant simulacrum (IceCv)
  3 water elementals
  6 wraiths
  50 yaks
  3 fire elementals
  7 vampire mosquitoes
  3 basilisks
  4 steam dragons
  62 redbacks
  A glowing shapeshifter zombie (D:15)
  A death yak simulacrum (IceCv)
  11 wargs
  16 swamp worms
  3 spatial vortices (Abyss:3)
  Duvessa (D:4)
  7 acid dragons
  3 floating eyes
  14 hell hounds (Lair:5)
  15 water moccasins
  A sky beast (shapeshifter) (Vaults:5)
  4 ice beasts
  37 orc warriors
  4 swamp dragon zombies (Swamp:4)
  5 swamp drakes
  3 sky beasts
  11 black bears (Lair:5)
  12 ogres
  20 centaurs
  33 wolves
  6 phantoms
  14 bullfrogs
  5 kobold brigands
  6 gnoll sergeants
  A two-headed ogre simulacrum (D:11)
  5 earth elementals
  6 scorpions
  13 wights
  Dowan (D:4)
  4 howler monkeys
  A crimson imp (D:8)
  4 small abominations (Abyss:3)
  2 lava snakes (D:8)
  2 iron imps (Abyss:3)
  5 jellies
  8 orc priests
  A gnoll bouda (D:8)
  A hound (D:5)
  5 iguanas
  An iguana (shapeshifter) (Vaults:5)
  Jessica (D:3)
  18 orc wizards
  Ijyb (D:3)
  Natasha (thrice) (D:4)
  6 hell rats (Lair:3)
  A spectral swamp drake (Swamp:4)
  A spriggan simulacrum (D:11)
  Robin (D:3)
  12 adders
  12 gnolls
  2 naga simulacra (D:11)
  2 swamp drake zombies (Swamp:4)
  A shadow imp (D:8)
  2 ufetubi (Abyss:3)
  A worm (D:6)
  4 dart slugs
  65 orcs
  3 ball pythons
  8 endoplasms
  6 giant cockroaches
  14 goblins
  5 hobgoblins
  4 jackals
  17 kobolds
  2 quokkas
  6 bats
  7 frilled lizards
  A lurking horror (Abyss:3)
  A spectral weapon (Zot:5)
2114 creatures vanquished.

Vanquished Creatures (collateral kills)
  A thorn hunter (Swamp:3)
  A tengu reaver (Vaults:5)
  A stone giant (Vaults:5)
  A very ugly thing (Vaults:5)
  An ettin (Vaults:5)
  A deep elf death mage (Elf:3)
  A vault guard (Vaults:5)
  A deep troll earth mage (Depths:1)
  A deep troll (Depths:1)
  An ironbound convoker (Vaults:5)
  An orc knight (Orc:1)
  An ugly thing (IceCv)
  A moth of wrath (shapeshifter) (Vaults:5)
  A shining eye (shapeshifter) (Vaults:5)
  A jumping spider (Spider:2)
  2 redbacks
  A swamp worm (Swamp:3)
  An elephant simulacrum (IceCv)
  2 orc priests (Orc:1)
  2 orcs (Orc:1)
23 creatures vanquished.

Vanquished Creatures (others)
  2 bloated husks
  A water elemental (Depths:2)
  A phantom (Swamp:4)
  An orc wizard (Elf:2)
  A spectral swamp drake (Swamp:4)
  2 orcs
  10 foxfires
  2 starspawn tentacles (Abyss:3)
20 creatures vanquished.

Grand Total: 2157 creatures vanquished

Notes
Turn   | Place    | Note
-------+----------+-------------------------------------------
     0 | D:1      | jejorda2 the Draconian Berserker began the quest for the
                  | Orb.
     0 | D:1      | Reached XP level 1. HP: 19/19 MP: 1/1
     2 | D:1      | Noticed a formicid
     2 | D:1      | Noticed a draconian
     4 | D:1      | Noticed an elf
     4 | D:1      | Noticed a merfolk
     6 | D:1      | Noticed a vampire
     8 | D:1      | Noticed a gargoyle
     8 | D:1      | Noticed a spriggan
    10 | D:1      | Noticed an octopode
    10 | D:1      | Noticed a troll
    12 | D:1      | Noticed a demonspawn
    14 | D:1      | Noticed a demigod
    14 | D:1      | Noticed a vine stalker
    16 | D:1      | Noticed a tengu
    16 | D:1      | Noticed a felid
    18 | D:1      | Noticed a meteoran
    18 | D:1      | Noticed a human
    20 | D:1      | Noticed an armataur
    22 | D:1      | Noticed an ogre
    22 | D:1      | Noticed a ghoul
    24 | D:1      | Noticed a meteoran
    24 | D:1      | Noticed a naga
    26 | D:1      | Noticed an octopode
    26 | D:1      | Noticed a meteoran
   342 | D:1      | Reached XP level 2. HP: 11/26 MP: 2/2
   353 | D:1      | You are sucked into a shaft and drop 1 floor!
   461 | D:2      | Reached skill level 1 in Shapeshifting
   544 | D:2      | Reached skill level 1 in Unarmed Combat
   544 | D:2      | Reached XP level 3. HP: 14/33 MP: 3/3
   788 | D:2      | Reached ** piety under Trog
   884 | D:2      | Reached XP level 4. HP: 13/40 MP: 4/4
   992 | D:2      | Identified the +12 dagger "Vaffuisko" {protect, rF+ Str+3
                  | Int+2}
  1076 | D:2      | Noticed Sigmund
  1079 | D:2      | Killed Sigmund
  1080 | D:2      | Reached XP level 5. HP: 21/47 MP: 5/5
  1567 | D:3      | Reached XP level 6. HP: 23/53 MP: 6/6
  1634 | D:3      | Found a sparkling altar of Nemelex Xobeh.
  1792 | D:3      | Noticed Jessica
  1795 | D:3      | Killed Jessica
  1842 | D:3      | Found a shimmering blue altar of Sif Muna.
  1879 | D:3      | Found a faded altar of an unknown god.
  1996 | D:3      | Noticed Ijyb
  2002 | D:3      | Killed Ijyb
  2058 | D:3      | Noticed Robin
  2095 | D:3      | Killed Robin
  2259 | D:4      | Reached skill level 5 in Fighting
  2266 | D:4      | Noticed Natasha
  2273 | D:4      | Killed Natasha
  2277 | D:4      | Noticed Dowan
  2279 | D:4      | Found a sacrificial altar of Ru.
  2291 | D:4      | Noticed Duvessa
  2294 | D:4      | Killed Dowan
  2299 | D:4      | Your scales start taking on a dull iron-grey colour.
  2299 | D:4      | Reached XP level 7. HP: 14/61 MP: 7/7
  2345 | D:4      | Noticed Natasha
  2359 | D:4      | Killed Natasha
  2363 | D:4      | Noticed Natasha
  2371 | D:4      | Killed Natasha
  2499 | D:4      | Killed Duvessa
  2900 | D:5      | Entered Level 5 of the Dungeon
  3170 | D:5      | Reached XP level 8. HP: 31/70 MP: 8/8
  3249 | D:5      | Found a staircase to the Ecumenical Temple.
  3262 | D:5      | Reached skill level 5 in Unarmed Combat
  3262 | D:5      | Reached skill level 5 in Shapeshifting
  3683 | D:5      | Reached *** piety under Trog
  3954 | D:6      | Noticed Pikel
  3960 | D:6      | Killed Pikel
  3961 | D:6      | Reached XP level 9. HP: 33/75 MP: 9/9
  3982 | D:6      | Found a glowing drain.
  3989 | Sewer    | Entered a sewer
  4280 | D:6      | Identified a scroll of acquirement
  4280 | D:6      | Acquired 758 gold pieces
  4841 | D:7      | Found an ancient bone altar of Kikubaaqudgha.
  4881 | D:7      | Reached **** piety under Trog
  5720 | D:8      | Noticed a deep elf pyromancer
  5720 | D:8      | Noticed a cyclops
  5759 | D:8      | Killed a deep elf pyromancer
  5760 | D:8      | Reached XP level 10. HP: 37/83 MP: 10/10
  5764 | D:8      | Killed a cyclops
  5921 | D:8      | Found a hazy altar of Hepliaklqana.
  6110 | D:8      | Found a hide-covered altar of Uskayaw.
  6218 | D:8      | Reached skill level 5 in Dodging
  6247 | D:8      | Found Muman's Book Shop.
  6401 | D:8      | Found a burning altar of Makhleb.
  6409 | D:8      | Found Wiloreo's General Store.
  6414 | D:8      | Bought a wand of iceblast (6) for 216 gold pieces
  6414 | D:8      | Bought a potion of curing for 45 gold pieces
  6414 | D:8      | Bought a scroll of teleportation for 45 gold pieces
  6554 | D:8      | Found Ucha Biyce's Antique Armour Emporium.
  6636 | D:8      | Found a white marble altar of Elyvilon.
  7074 | D:9      | Identified the +5 war axe "Ledofimn" {vamp, *Rage rC+++}
  7080 | D:9      | Noticed a two-headed ogre
  7086 | D:9      | Killed a two-headed ogre
  7529 | D:9      | Reached skill level 10 in Shapeshifting
  7779 | D:10     | Entered Level 10 of the Dungeon
  7901 | D:10     | Found a staircase to the Lair.
  7923 | D:10     | Noticed a two-headed ogre
  7927 | D:10     | Killed a two-headed ogre
  7928 | D:10     | Reached XP level 11. HP: 40/89 MP: 11/11
  7983 | D:10     | Noticed Josephine
  7992 | D:10     | Killed Josephine
  8234 | D:10     | Identified the +8 sling of Abomination {heavy, rF+ Will-
                  | Str+2 Int+3}
  8701 | Lair:1   | Entered Level 1 of the Lair of Beasts
  9005 | Lair:1   | Reached ***** piety under Trog
  9226 | Lair:1   | Reached XP level 12. HP: 83/96 MP: 12/12
  9908 | Lair:2   | Found a staircase to the Swamp.
 10083 | Lair:2   | Noticed a boulder beetle
 10087 | Lair:2   | Killed a boulder beetle
 10478 | Lair:2   | Reached skill level 15 in Shapeshifting
 10590 | Lair:2   | Found a hole to the Spider Nest.
 10638 | Lair:2   | Noticed Gastronok
 10647 | Lair:2   | Killed Gastronok
 10648 | Lair:2   | Reached skill level 1 in Evocations
 11324 | Lair:3   | Reached XP level 13. HP: 103/103 MP: 13/13
 11532 | Lair:3   | Received a gift from Trog
 11967 | Lair:4   | Noticed Snorg
 11976 | Lair:4   | Killed Snorg
 12162 | Lair:4   | Reached skill level 10 in Unarmed Combat
 12252 | Lair:4   | Found a viscous altar of Jiyva.
 12252 | Lair:4   | Found a staircase to the Slime Pits.
 12554 | Lair:4   | Reached skill level 5 in Evocations
 13429 | Lair:5   | Entered Level 5 of the Lair of Beasts
 13485 | Lair:5   | Acquired a manual of Evocations
 13909 | Lair:5   | Reached XP level 14. HP: 115/115 MP: 14/14
 13921 | Lair:5   | Identified the +10 quarterstaff "Fuimuc" {heavy, rC++}
                  | (Trog gifted it to you on level 5 of the Lair of Beasts)
 13921 | Lair:5   | Received a gift from Trog
 15184 | D:11     | Found a frozen archway.
 15312 | IceCv    | Entered an ice cave
 15318 | IceCv    | Found a transporter.
 15328 | IceCv    | Found a transporter.
 15383 | IceCv    | Identified the ring of Equivalence {Ice rElec Str+2 Stlth+}
 15554 | D:11     | Found a staircase to the Orcish Mines.
 16208 | D:12     | Received a gift from Trog
 16995 | D:13     | Found a gate to the Vaults.
 17410 | D:14     | Found an opulent altar of Gozag.
 17817 | D:14     | Reached XP level 15. HP: 123/123 MP: 15/15
 17951 | D:14     | Found a broken altar of Ashenzari.
 18136 | D:15     | Entered Level 15 of the Dungeon
 18318 | D:15     | Found a staircase to the Depths.
 18646 | D:15     | Reached skill level 10 in Evocations
 18787 | D:15     | Found a shadowy altar of Dithmenos.
 18787 | D:15     | Found the ring of Shadows {Umbra +Inv Stlth+}
 19079 | D:15     | Found a stormy altar of Qazlal.
 19206 | Orc:1    | Entered Level 1 of the Orcish Mines
 19289 | Orc:2    | Entered Level 2 of the Orcish Mines
 19512 | Orc:2    | Received a gift from Trog
 19670 | Orc:2    | Found Hietaud's Distillery.
 19670 | Orc:2    | Found Vannuf's Armour Shoppe.
 19688 | Orc:2    | Found Labb's General Store.
 19690 | Orc:2    | Found Kusa Bah's Assorted Antiques.
 19781 | Orc:2    | Bought a potion of degeneration for 14 gold pieces
 19788 | Orc:2    | Bought a potion of haste for 140 gold pieces
 19788 | Orc:2    | Bought a potion of curing for 42 gold pieces
 20069 | Orc:2    | Found a staircase to the Elven Halls.
 20326 | Orc:2    | Bought 2 potions of heal wounds for 290 gold pieces
 20326 | Orc:2    | Bought a scroll of teleportation for 87 gold pieces
 20727 | D:8      | Bought a phantom mirror for 600 gold pieces
 20852 | Spider:1 | Entered Level 1 of the Spider Nest
 20857 | Spider:1 | Received a gift from Trog
 21194 | Spider:1 | Reached skill level 10 in Fighting
 22801 | Spider:2 | Noticed Arachne
 22823 | Spider:2 | Killed Arachne
 22824 | Spider:2 | Reached XP level 16. HP: 135/135 MP: 16/16
 24265 | Spider:3 | Reached skill level 15 in Unarmed Combat
 24878 | Spider:3 | Reached ****** piety under Trog
 24886 | Spider:3 | Received a gift from Trog
 25274 | Spider:4 | Entered Level 4 of the Spider Nest
 25843 | Spider:4 | Reached XP level 17. HP: 148/148 MP: 17/17
 26015 | Spider:4 | Received a gift from Trog
 27274 | Spider:4 | Got a gossamer rune of Zot
 27497 | Swamp:1  | Entered Level 1 of the Swamp
 27631 | Swamp:1  | Received a gift from Trog
 29621 | Swamp:4  | Entered Level 4 of the Swamp
 29682 | Swamp:4  | Reached skill level 1 in Stealth
 30016 | Swamp:4  | Received a gift from Trog
 30018 | Swamp:4  | Reached XP level 18. HP: 160/160 MP: 18/18
 30370 | Swamp:4  | Noticed Mara
 30381 | Swamp:4  | Killed Mara
 31159 | Swamp:4  | Noticed a bone dragon
 31173 | Swamp:4  | Killed a bone dragon
 31174 | Swamp:4  | Reached skill level 5 in Stealth
 31548 | Swamp:4  | Got a decaying rune of Zot
 31831 | Elf:1    | Entered Level 1 of the Elven Halls
 31852 | Elf:1    | Received a gift from Trog
 32208 | Abyss:3  | Found a corrupted altar of Lugonu.
 32208 | Abyss:3  | Cast into level 3 of the Abyss (a deep elf sorcerer)
 32241 | Abyss:3  | Found a corrupted altar of Lugonu.
 32253 | Elf:1    | Escaped the Abyss
 32267 | Elf:1    | Reached skill level 15 in Fighting
 32586 | Elf:1    | Found Gyec's Book Boutique.
 32823 | Elf:2    | Found a flickering gateway to a bazaar.
 32850 | Elf:2    | Received a gift from Trog
 32860 | Bazaar   | Entered a bazaar
 32894 | Bazaar   | Found Doum's Antique Armour Boutique.
 32898 | Bazaar   | Found Obruqoq's Antique Weapon Boutique.
 32898 | Bazaar   | Found Docloshra's Distillery.
 32899 | Bazaar   | Found Hoiced's Armour Boutique.
 32914 | Bazaar   | Bought 2 potions of curing for 42 gold pieces
 32914 | Bazaar   | Bought a potion of curing for 21 gold pieces
 32914 | Bazaar   | Bought 2 potions of mutation for 112 gold pieces
 32914 | Bazaar   | Bought a potion of ambrosia for 56 gold pieces
 32914 | Bazaar   | Bought a potion of enlightenment for 35 gold pieces
 32914 | Bazaar   | Bought a potion of haste for 70 gold pieces
 32967 | Elf:2    | Identified the +1 robe of Marbles {Dex+4}
 32980 | Elf:2    | Acquired 836 gold pieces
 32982 | Elf:2    | Acquired the ring of the Hare {EV+10}
 32982 | Elf:2    | Found the ring of the Hare {EV+10}
 32985 | Elf:2    | Acquired 1150 gold pieces
 33322 | Elf:2    | Identified the +7 falchion of the Orcish Mines {venom,
                  | rPois rCorr Str+6 Dex-4}
 33537 | Elf:2    | Found a runed translucent gate.
 33537 | Elf:2    | Found a runed translucent gate.
 33537 | Elf:2    | Found a runed translucent gate.
 33863 | Elf:2    | Reached XP level 19. HP: 170/170 MP: 19/19
 34037 | Elf:2    | Received a gift from Trog
 34505 | Elf:3    | Entered Level 3 of the Elven Halls
 34656 | Elf:3    | Noticed a Brimstone Fiend
 34666 | Elf:3    | Found Zetel's Magic Scroll Emporium.
 34741 | Elf:3    | Bought a scroll of teleportation for 45 gold pieces
 34741 | Elf:3    | Bought a scroll of fog for 60 gold pieces
 34741 | Elf:3    | Bought a scroll of fear for 60 gold pieces
 35611 | Elf:3    | Identified the ring "Tici" {rF+ rC- MP+9 Str+2 SInv}
 35653 | Elf:3    | Identified the ring of Joy {Fire rElec Dex+2}
 36102 | Elf:3    | Received a gift from Trog
 36195 | Elf:3    | Found the +0 pair of fencer's gloves {Riposte Dex+3}
 36210 | Elf:3    | Identified the +0 plate armour "Devaschuu" {+Blink rElec
                  | rC+}
 36223 | Elf:3    | Acquired a manual of Unarmed Combat
 36254 | Elf:3    | Identified the +4 falchion of the Snake Pit {flame, rC+
                  | Int+8 Dex+4}
 36601 | Vaults:1 | Entered Level 1 of the Vaults
 37033 | Vaults:1 | Found Ysiefett's Armour Shoppe.
 37533 | Vaults:1 | Identified the +0 robe "Wygiagoz" {rPois}
 37696 | Vaults:1 | Reached XP level 20. HP: 182/182 MP: 20/20
 37916 | Vaults:1 | Received a gift from Trog
 38269 | Vaults:2 | Noticed Aizul
 38272 | Vaults:2 | Killed Aizul
 38341 | Vaults:2 | Noticed Margery
 38356 | Vaults:2 | Found Acvahu Keturph's Weapon Emporium.
 38490 | Vaults:2 | Paralysed by a great orb of eyes for 3 turns
 39074 | Vaults:2 | Found a transporter.
 39074 | Vaults:2 | Found a transporter.
 39077 | Vaults:2 | Noticed Vogeir's ghost (veteran HuIE)
 39098 | Vaults:2 | Noticed a golden dragon
 39219 | Vaults:2 | Found Gicameoh's Magic Scroll Shop.
 39391 | Vaults:2 | Received a gift from Trog
 39626 | Vaults:2 | Killed Margery
 40482 | Vaults:3 | Received a gift from Trog
 40709 | Vaults:3 | Noticed Donald
 40717 | Vaults:3 | Killed Donald
 40888 | Vaults:3 | Found a staircase to the Crypt.
 41016 | Vaults:3 | Noticed Bai Suzhen
 41024 | Vaults:3 | Killed Bai Suzhen
 41248 | Vaults:3 | Reached XP level 21. HP: 189/189 MP: 21/21
 41536 | Vaults:4 | Paralysed by a sphinx for 3 turns
 41546 | Vaults:4 | Received a gift from Trog
 41710 | Vaults:4 | Noticed Jory
 41720 | Vaults:4 | Killed Jory
 42348 | Vaults:4 | Found Gikior's Assorted Antiques.
 42350 | Vaults:4 | Found Manuy's Assorted Antiques.
 42371 | Vaults:4 | Bought a potion of attraction for 126 gold pieces
 42371 | Vaults:4 | Bought a scroll of silence for 399 gold pieces
 42371 | Vaults:4 | Bought 2 potions of heal wounds for 420 gold pieces
 42697 | Vaults:5 | Entered Level 5 of the Vaults
 42718 | Vaults:5 | Received a gift from Trog
 43031 | Vaults:5 | Identified the ring "Seditaq" {Wiz rElec Will++ Str+3}
 43343 | Vaults:5 | Received a gift from Trog
 43354 | Vaults:5 | Identified the +1 shortbow "Kyvaud" {elec, rCorr Dex+3}
 43374 | Vaults:5 | Reached XP level 22. HP: 196/196 MP: 22/22
 43574 | Vaults:5 | Noticed a dread lich
 43577 | Vaults:5 | Killed a dread lich
 43977 | Vaults:5 | Identified the +4 trident of Clean Exoneration {drain,
                  | rElec Will+ Dex+4}
 43986 | Vaults:5 | Noticed a golden dragon
 43991 | Vaults:5 | Identified the +4 eveningstar of Zyladgh {vamp, rPois}
 43997 | Vaults:5 | Killed a golden dragon
 45156 | Abyss:3  | Cast into level 3 of the Abyss (vault guard)
 45205 | Abyss:3  | Found a corrupted altar of Lugonu.
 45251 | Abyss:3  | Found a corrupted altar of Lugonu.
 45476 | Vaults:5 | Escaped the Abyss
 45574 | Vaults:5 | Acquired a manual of Dodging
 45870 | Vaults:5 | Received a gift from Trog
 46221 | Vaults:5 | Identified the +1 spear of Neuffuah {venom, rN+ Dex+4}
 46224 | Vaults:5 | Got a silver rune of Zot
 46476 | Depths:1 | Entered Level 1 of the Depths
 46529 | Abyss:3  | Cast into level 3 of the Abyss (a wizard)
 46549 | Abyss:3  | Found a glowing golden altar of the Shining One.
 46603 | Abyss:3  | Noticed a juggernaut
 46609 | Abyss:3  | Killed a juggernaut
 46615 | Abyss:3  | Got an abyssal rune of Zot
 46686 | Abyss:3  | Found a glowing golden altar of the Shining One.
 46716 | Abyss:3  | Found a corrupted altar of Lugonu.
 46757 | Depths:1 | Escaped the Abyss
 47011 | Abyss:3  | Cast into level 3 of the Abyss (a wizard)
 47015 | Abyss:3  | Found a corrupted altar of Lugonu.
 47133 | Depths:1 | Escaped the Abyss
 47241 | Depths:1 | Identified the +6 short sword of Responsibility {antimagic,
                  | rF+++ rN+ Will- Dex+3} (Trog gifted it to you on level 1 of
                  | the Depths)
 47241 | Depths:1 | Received a gift from Trog
 47715 | Depths:1 | Found a gateway to Hell.
 47897 | Depths:2 | Noticed Saint Roka
 47905 | Depths:2 | Killed Saint Roka
 47914 | Depths:2 | Found a one-way gate leading to the halls of Pandemonium.
 47932 | Depths:2 | Noticed a juggernaut
 47946 | Depths:2 | Killed a juggernaut
 47947 | Depths:2 | Reached XP level 23. HP: 168/203 MP: 23/23
 47967 | Depths:2 | Received a gift from Trog
 48302 | Depths:2 | Reached skill level 10 in Dodging
 48385 | Depths:2 | Found a one-way gate to the infinite horrors of the Abyss.
 48421 | Depths:2 | Found a one-way gateway to a ziggurat.
 48422 | Depths:2 | Paralysed by a floating eye for 3 turns
 48430 | Depths:2 | Gained mutation: Your body sometimes deteriorates upon
                  | taking damage. [a shining eye]
 48548 | Depths:2 | Identified the +0 ring mail of Guum {rF+ Str+3}
 48924 | Depths:2 | Found the dreamshard necklace {Acrobat *Dream}
 49946 | Depths:3 | Noticed Parghit
 49973 | Depths:3 | Killed Parghit
 51335 | Depths:3 | Noticed Sojobo
 51347 | Depths:3 | Killed Sojobo
 51467 | Depths:4 | Entered Level 4 of the Depths
 51853 | Depths:4 | Received a gift from Trog
 51877 | Depths:4 | Noticed a caustic shrike
 51880 | Depths:4 | Noticed a caustic shrike
 51880 | Depths:4 | Noticed a juggernaut
 51880 | Depths:4 | Noticed a caustic shrike
 51883 | Depths:4 | Killed a caustic shrike
 51886 | Depths:4 | Noticed a caustic shrike
 51887 | Depths:4 | Noticed a caustic shrike
 51890 | Depths:4 | Killed a caustic shrike
 51892 | Depths:4 | Killed a juggernaut
 51893 | Depths:4 | Killed a caustic shrike
 51897 | Depths:4 | Killed a caustic shrike
 51899 | Depths:4 | Killed a caustic shrike
 52083 | Depths:4 | Noticed a caustic shrike
 52083 | Depths:4 | Noticed a caustic shrike
 52083 | Depths:4 | Noticed a caustic shrike
 52083 | Depths:4 | Noticed a caustic shrike
 52087 | Depths:4 | Killed a caustic shrike
 52087 | Depths:4 | Killed a caustic shrike
 52088 | Depths:4 | Killed a caustic shrike
 52091 | Depths:4 | Killed a caustic shrike
 52092 | Depths:4 | Noticed an ancient lich
 52101 | Depths:4 | Reached XP level 24. HP: 212/212 MP: 23/23
 52106 | Depths:4 | Killed an ancient lich
 52123 | Depths:4 | Reached skill level 27 in Shapeshifting
 52129 | Depths:4 | Found a gate to the Realm of Zot.
 53112 | Orc:2    | Bought 2 potions of attraction for 84 gold pieces
 53411 | Zot:1    | Entered Level 1 of the Realm of Zot
 54045 | Zot:1    | Noticed an orb of fire
 54059 | Zot:1    | Killed an orb of fire
 54168 | Zot:1    | Received a gift from Trog
 54876 | Zot:2    | Acquired a manual of Evocations
 54980 | Zot:2    | Noticed Grunn
 54983 | Zot:2    | Killed Grunn
 55246 | Zot:2    | Found the +4 dragonskin cloak
 55246 | Zot:2    | Noticed Tiamat
 55255 | Zot:2    | Killed Tiamat
 55425 | Zot:3    | Noticed a Killer Klown
 55430 | Zot:3    | Reached XP level 25. HP: 194/218 MP: 23/23
 55486 | Zot:3    | Killed a Killer Klown
 55514 | Zot:3    | Noticed an orb of fire
 55526 | Zot:3    | Killed an orb of fire
 55604 | Zot:3    | Reached skill level 27 in Unarmed Combat
 56025 | Zot:3    | Noticed an orb of fire
 56029 | Zot:3    | Gained mutation: You are weak. (Str -2) [an orb of fire]
 56031 | Zot:3    | Killed an orb of fire
 56042 | Zot:3    | Reached skill level 15 in Dodging
 56557 | Zot:4    | Received a gift from Trog
 57340 | Zot:5    | Entered Level 5 of the Realm of Zot
 58011 | Zot:5    | Noticed an ancient lich
 58017 | Zot:5    | Killed an ancient lich
 58024 | Zot:5    | Noticed a dread lich
 58027 | Zot:5    | Killed a dread lich
 58106 | Zot:5    | Noticed an orb of fire
 58114 | Zot:5    | Killed an orb of fire
 58259 | Zot:5    | Noticed a Killer Klown
 58262 | Zot:5    | Noticed an ancient lich
 58264 | Zot:5    | Killed a Killer Klown
 58266 | Zot:5    | Killed an ancient lich
 58286 | Zot:5    | Noticed an ancient lich
 58292 | Zot:5    | Killed an ancient lich
 58292 | Zot:5    | Received a gift from Trog
 58304 | Zot:5    | Reached XP level 26. HP: 228/228 MP: 23/23
 58341 | Zot:5    | Noticed a dread lich
 58341 | Zot:5    | Noticed an ancient lich
 58342 | Zot:5    | Noticed an orb of fire
 58346 | Zot:5    | Killed an ancient lich
 58346 | Zot:5    | Gained mutation: Your magical capacity is low. (-10% MP)
                  | [an orb of fire]
 58347 | Zot:5    | Reached skill level 10 in Stealth
 58348 | Zot:5    | Killed a dread lich
 58350 | Zot:5    | Noticed an ancient lich
 58359 | Zot:5    | Killed an orb of fire
 58369 | Zot:5    | Killed an ancient lich
 58376 | Zot:5    | Noticed a dread lich
 58381 | Zot:5    | Killed a dread lich
 58471 | Zot:5    | Got the Orb of Zot
 58500 | Zot:5    | Noticed an ancient lich
 58501 | Zot:5    | Noticed Dotsicvigi the pandemonium lord
 58503 | Zot:5    | Killed an ancient lich
 58539 | Zot:3    | Noticed Emioruet the pandemonium lord
 58565 | Zot:2    | Killed Emioruet the pandemonium lord
 58882 | D:14     | Noticed Rezxazipp the pandemonium lord
 58900 | D:14     | Killed Rezxazipp the pandemonium lord
 59093 | D:7      | Noticed Goijatt the pandemonium lord
 59094 | D:7      | Received a gift from Trog
 59096 | D:7      | Killed Goijatt the pandemonium lord
 59139 | D:5      | Noticed Kamyxtoth the pandemonium lord
 59292 | D:$      | Escaped with the Orb!

Illustrated notes

Levels and vault maps discovered:
D:1:      kb_arrival_jail, layout_basic
D:2:      layout_loops_ring, nicolae_hexahallways, nicolae_elevator_lobby_plus,
          uniq_sigmund
D:3:      layout_basic, lemuel_doored_altar, nemelex_dance_club_becter,
          hellmonk_ecumenical_altar_dog_temple, uniq_robin, uniq_jessica,
          uniq_ijyb
D:4:      layout_rooms, mainiacjoe_overflow_concentric_impassable, uniq_natasha,
          uniq_duvessa
D:5:      layout_cave_pods, minmay_temple_entry_arrows,
          nicolae_houndstooth_variations
D:6:      layout_cave_pools, cheibrodos_sewer_entry_sluice, corexii_shack,
          minmay_misc_feat_iff, uniq_pikel
D:7:      layout_cave_pods, mainiacjoe_overflow_boulevard
D:8:      layout_layer_cave, elyvilon_altar_1, general_overflow_altar,
          nicolae_uskayaw_suspiria, makhleb_grotto_becter, serial_shops,
          nicolae_shop_just_a_little_nook, shop, kennysheep_mini,
          nicolae_doodle_vault
D:9:      layout_loops_ring
D:10:     layout_long_grid, lair_entry_dummy, uniq_josephine
D:11:     layout_small_grid, kennysheep_orc_monster_closet_entryway,
          portal_ice_cave_entry_ice_simulacra
D:12:     layout_roguey, skrybe_limestone_x
D:13:     layout_irregular_city, erik_vaults_1
D:14:     layout_irregular_city, evilmike_ruin_ashenzari,
          nicolae_gozag_seed_capital
D:15:     gammafunk_depths_entry_grave, layout_basic,
          nicolae_qazlal_eye_of_the_storm, nicolae_dithmenos_the_darkroom
Lair:1:   layout_long_grid, chequers_serial_rivers_large_b, beast_lair_carwin_7,
          grunt_megastairs_4
Lair:2:   layout_cave_pods, skrybe_swamp_entry_bodies, spider_nest_entry_rubble,
          nicolae_lair_lindhole, uniq_gastronok
Lair:3:   layout_chaotic_city, grunt_megastairs_1
Lair:4:   nzn_winding_woodlands_small [nzn_winding_woodlands_5x15_sawtooth,
          nzn_winding_woodlands_center_diamonds,
          nzn_winding_woodlands_5x15_split_checker], layout_cave_pods,
          slime_entry_1, chequers_serial_rivers_marsh,
          infiniplex_staircase_pool_2, uniq_snorg
Lair:5:   hangedman_lair_caniforms_friends, layout_regular_city,
          guppyfry_lair_end_dragon, nicolae_quartered_pool_super
Swamp:1:  layout_basic_swamp, serial_swamp_ruin, evilmike_swamp_ruin_house_4,
          hangedman_swamp_ruin_wall, evilmike_swamp_ruin_house_1
Swamp:2:  nicolae_swamp_ascending_descending, layout_basic_swamp,
          nicolae_swamp_small_spring
Swamp:3:  nicolae_swamp_tree_isthmus, layout_basic_swamp,
          evilmike_swamp_ruin_house_5
Swamp:4:  swamp_pestilence, layout_basic_swamp, swamp_pool4,
          hangedman_swamp_lotus, nicolae_swamp_no_escape, uniq_mara
Spider:1: layout_spider_delve, hellmonk_deceptive_appearances,
          hangedman_spider_tarantella_strand
Spider:2: layout_spider_delve, uniq_arachne
Spider:3: layout_cave_pods
Spider:4: hellmonk_spider_rune_endless_swarm, nicolae_spider_baby_got_redback
Orc:1:    layout_diamond_mine
Orc:2:    st_orc_rangers, layout_diamond_mine, basic_altar
Elf:1:    elf_arrival_001, layout_loops_cross, serial_shops, shop,
          minmay_elf_sorcery
Elf:2:    nicolae_elf_blades_splatter_lattice [mumra_blade_entry_bloodbath],
          layout_geoelf_octagon, serial_shops, bzr_entry_road
Elf:3:    minmay_elf_hall_four_x, layout_loops_corners, serial_shops, shop,
          minivault_25_ag
Vaults:1: v_rooms_4, nicolae_vaults_tetromino_Z_1,
          nicolae_vaults_doubleplus_tesselated, grunt_vaults_hallway_short,
          nicolae_vaults_more_shelving_1, layout_vaults_quadrants, serial_shops,
          shop_coins
Vaults:2: nzn_ghost_randoct, nicolae_vaults_security_offices_1,
          nicolae_vaults_hexular_roomagon, nicolae_vaults_arrows,
          nicolae_vaults_taking_the_gang_shopping, vaults_mumra_chevron,
          nicolae_vaults_little_squares_2, vaults_dpeg_encased_lava,
          vaults_room_large_hall, nicolae_vaults_closet_pinwheel_3,
          vaults_standard_mumra_x, nicolae_vaults_tetromino_Z_1,
          nicolae_vaults_diamond_1, layout_vaults_big_cross, serial_shops,
          nicolae_shop_just_a_little_nook, uniq_aizul, uniq_margery
Vaults:3: nicolae_vaults_network_barrier, vaults_dpeg_doors,
          ontoclasm_vaults_decontamination, dpeg_vaults_monster_box, v_misc_17,
          minmay_crypt_entry_simple_box, vaults_mumra_minichess,
          grunt_vaults_bifocal, v_misc_15, v_misc_15, nicolae_vaults_big_ls,
          nicolae_vaults_heart-shaped_vault, ontoclasm_vaults_ring_small,
          layout_vaults_maze_bifur, uniq_donald, uniq_bai_suzhen
Vaults:4: nicolae_vaults_tetromino_Z_2, ontoclasm_vaults_loading_screen,
          dpeg_vaults_monster_row, nicolae_vaults_double_plus_1, v_pattern_2,
          nicolae_vaults_wine_cellar, nicolae_vaults_apartment_2,
          grunt_vaults_swirl, v_misc_12, nicolae_vaults_tangram_2, v_misc_10,
          vaults_room_grid, v_misc_8, layout_vaults_omnibox, serial_shops,
          nicolae_shop_tiny_glass, nicolae_shop_waterfront, uniq_jory
Vaults:5: serial_shops
Depths:1: layout_cave_shapes, hell_entry, serial_column_ruins,
          column_ruins_corridor_T, column_ruins_columns_straight,
          column_ruins_open_tiny, column_ruins_corridor_corner,
          column_ruins_grid_3, minmay_misc_feat_cross
Depths:2: minmay_quantized_circle, layout_gridlike, enter_ziggurat_c,
          pf_coc_iceberg, pan_entry, abyss_entry_crystal,
          serial_sigils_hangedman_quiver, minmay_crystal_room, uniq_saint_roka
Depths:3: evilmike_hourglass, layout_gridlike, abyss_entry_glasseish,
          pf_hell_entry_tar_spiral, st_stairs_13, uniq_sojobo, uniq_parghit
Depths:4: grunt_runaround [grunt_runaround_doors_1, grunt_runaround_doors_2,
          grunt_runaround_doors_3, grunt_runaround_doors_4,
          grunt_runaround_zot], abyss_entry, hell_entry
Zot:1:    kennysheep_blocky_hall, layout_basic, st_stairs_9, uniq_josephina
Zot:2:    layout_basic, uniq_grunn, uniq_tiamat
Zot:3:    layout_cellular_growth, st_small_dragon_hoard_1, evilmike_ambush
          [evilmike_ambush_outer_basic, evilmike_ambush_inner_basic]
Zot:4:    layout_gridlike
Zot:5:    layout_cathedral_of_symmetry, grunt_ministairs_15, st_stairs_13

Skill      XL: |  1  2  3  4  5  6  7  8  9 10 11 12 13 14 15 16 17 18 19 20 21 22 23 24 25 26 |
---------------+-------------------------------------------------------------------------------+-----
Shapeshifting  | 1 3 4 6 8 10 13 15 17 19 20 22 23 25 26 27 | 27.0
Unarmed Combat | 1 2 3 4 7 9 11 13 16 17 18 20 21 23 24 26 27 | 27.0
Fighting       | 4 5 6 8 10 12 14 15 16 17 | 17.3
Dodging        | 3 6 7 8 9 12 14 17 18 | 18.6
Evocations     | 2 7 9 13 14 | 14.7
Stealth        | 2 5 9 12 | 12.0
Axes           | |  3.2

Action                     |  1- 3 |  4- 6 |  7- 9 | 10-12 | 13-15 | 16-18 | 19-21 | 22-24 | 25-27 || total
---------------------------+-------+-------+-------+-------+-------+-------+-------+-------+-------++-------
  Melee: Unarmed           |    35 |    58 |   176 |   332 |   863 |   910 |   832 |   828 |   389 ||  4423
         Hand axe          |     7 |       |       |       |       |       |       |       |       ||     7
         Tailslap          |     4 |     5 |    18 |    43 |   110 |   101 |   132 |    82 |       ||   495
         Bite              |     1 |     4 |    10 |    36 |   100 |    94 |    96 |    66 |       ||   407
         Punch             |       |     1 |     2 |    16 |    45 |    78 |    97 |   111 |    52 ||   402
 Invoke: Trog's Hand       |       |     3 |     1 |     3 |     5 |    10 |    11 |    14 |     2 ||    49
         Berserk           |       |       |     4 |     7 |    11 |    12 |    11 |    12 |     4 ||    61
         Brothers in Arms  |       |       |       |       |     2 |     2 |     4 |     2 |       ||    10
Ability: Breathe Fire      |     7 |     3 |       |       |       |       |       |       |       ||    10
         Begin Untransform |       |       |       |     2 |     1 |       |       |     2 |       ||     5
         Evoke Invisibilit |       |       |       |       |       |     1 |       |       |       ||     1
         Blinkbolt         |       |       |       |       |       |       |       |     7 |    11 ||    18
  Evoke: Piece from Xom's  |       |       |       |       |       |     7 |     1 |     2 |       ||    10
         Wand              |       |       |       |       |       |     4 |     7 |     6 |       ||    17
         Phantom mirror    |       |       |       |       |       |       |     1 |       |       ||     1
         Lightning rod     |       |       |       |       |       |       |     4 |     4 |       ||     8
         Condenser vane    |       |       |       |       |       |       |     1 |     2 |       ||     3
    Use: Scroll            |       |       |    19 |     6 |     8 |     5 |     6 |     4 |     1 ||    49
         Potion            |       |       |       |     2 |     5 |     3 |     1 |     1 |     1 ||    13
   Stab: Sleeping          |       |       |       |       |     5 |    12 |    27 |    21 |     2 ||    67
         Distracted        |       |       |       |       |       |     4 |     7 |     9 |     6 ||    26
         Petrifying        |       |       |       |       |       |     1 |       |       |       ||     1
         Confused          |       |       |       |       |       |     1 |       |       |       ||     1
         Invisible         |       |       |       |       |       |     2 |       |       |       ||     2
 Armour: Skin              |    22 |    35 |   124 |   180 |   525 |   590 |   233 |   155 |    25 ||  1889
  Dodge: Dodged            |    15 |    14 |    56 |   167 |   531 |   622 |   638 |   783 |   400 ||  3226
  Block: Buckler           |       |       |       |       |       |       |       |     1 |       ||     1
   Form: Dragon            |     1 |       |       |     2 |     1 |       |     1 |     2 |       ||     7
         Blade             |       |       |       |     2 |       |       |       |       |       ||     2
         Anaconda          |       |       |       |       |       |       |     1 |       |       ||     1
         Storm             |       |       |       |       |       |       |       |     2 |     1 ||     3
         Death             |       |       |       |       |       |       |       |     1 |       ||     1
         Statue            |       |       |       |       |       |       |       |       |     1 ||     1

Table legend: (Time is in decaauts)
 A = Elapsed time spent in this place.
 B = Non-inter-level travel time spent in this place.
 C = Inter-level travel time spent in this place.
 D = Time resting spent in this place.
 E = Time spent auto-exploring this place.
 F = Levels seen in this place.
 G = Mean time per level.
                   A        B        C        D        E       F      G
               +--------+--------+--------+--------+--------+-----+--------+
         Total |  58431 |  53144 |   5287 |   6713 |  35303 |  54 | 1082.1 |
       Dungeon |  14155 |  12264 |   1891 |    966 |   9206 |  15 |  943.7 |
          Lair |   6326 |   5930 |    396 |    354 |   4444 |   5 | 1265.2 |
         Swamp |   4149 |   3948 |    201 |    164 |   2957 |   4 | 1037.2 |
   Spider Nest |   6514 |   6114 |    400 |   1213 |   3717 |   4 | 1628.5 |
  Orcish Mines |   1628 |   1172 |    456 |    163 |    718 |   2 |  814.0 |
   Elven Halls |   4465 |   4283 |    182 |    650 |   2659 |   3 | 1488.3 |
        Vaults |   9470 |   8589 |    881 |   1845 |   5056 |   5 | 1894.0 |
        Depths |   5509 |   4891 |    618 |    491 |   3346 |   4 | 1377.2 |
           Zot |   5097 |   4838 |    259 |    711 |   2937 |   5 | 1019.4 |
         Abyss |    675 |    675 |      0 |    133 |     52 |   4 |  168.8 |
        Bazaar |     64 |     64 |      0 |      0 |     59 |   1 |   64.0 |
         Sewer |    282 |    282 |      0 |      0 |    151 |   1 |  282.0 |
      Ice Cave |     90 |     90 |      0 |     21 |      0 |   1 |   90.0 |
               +--------+--------+--------+--------+--------+-----+--------+

Top non-repeatable levels by time:
Vaults:4: 2447 daAuts
Spider:1: 2162 daAuts
Vaults:5: 2082 daAuts
Vaults:1: 1879 daAuts
Spider:4: 1852 daAuts
   Elf:3: 1842 daAuts
 Swamp:4: 1713 daAuts
   Elf:2: 1665 daAuts
Vaults:2: 1655 daAuts
Depths:3: 1606 daAuts
Spider:3: 1591 daAuts
  Lair:4: 1511 daAuts
Depths:4: 1497 daAuts
  Lair:5: 1465 daAuts
     D:8: 1416 daAuts
